Map: Dusty Gorge

Players

Odin

  • Race: Terran Terran
  • League: Gold
  • Spawn Location: 11:00

A.I. 1 (Elite) - Winner!

  • Race: Protoss Protoss
  • Spawn Location: 5:00

A.I. 2 (Elite) - Winner!

  • Race: Terran Terran
  • Spawn Location: 3:00

VOD

Have the link to the VOD?

Description

Time

  • Played on: Dec. 13, 2018, 11:31 p.m.
  • Length: 9:17
Show
View Real Time Build Order
Export as new Build Order

Odin Terran 

Build Orders:  

Get SALT Encoding   

  12  0:16  SCV  
  12  0:17  Supply Depot  
  13  0:35  SCV  
  14  0:39  Barracks  
  14  0:49  SCV  
  15  0:50  Supply Depot  
  15  0:58  Refinery  
  15  1:01  SCV  
  16  1:13  SCV  
  16  1:15  Refinery  
  17  1:26  SCV  
  18  1:33  Supply Depot  
  18  1:41  Barracks  
  18  1:51  Barracks Tech Lab  
  18  1:59  Orbital Command  
  18  2:15  Factory  
  18  2:25  SCV  
  19  2:36  Barracks Reactor  
  19  2:37  SCV  
  20  2:47  Stimpack  
  20  2:49  SCV  
  21  2:59  Factory Tech Lab  
  21  3:01  SCV  
  22  3:06  Starport  
  22  3:13  SCV  
  22  3:17  Marine x2  
  25  3:23  Marauder  
  27  3:48  Siege Tank  
  30  3:49  Starport Reactor  
  30  4:01  Command Center  
  30  4:09  Marine  
  32  4:10  Marine, Marauder  
  34  4:21  SCV  
  35  4:26  Medivac x2  
  39  4:44  Supply Depot  
  39  4:51  Combat Shield  
  39  4:58  Supply Depot  
  39  5:02  Supply Depot  
  39  5:09  Marine  
  39  5:10  Marine  
  39  5:11  Marauder  
  43  5:16  Orbital Command  
  43  5:20  Engineering Bay  
  43  5:25  Engineering Bay  
  43  5:41  Medivac x2  
  47  5:43  Siege Tank  
  50  5:56  Marine x2  
  52  5:58  Marauder  
  44  6:44  SCV x2  
  46  6:50  Marine, Marauder  
  46  6:51  Marine  
  50  6:56  SCV x2  
  52  7:02  Terran Infantry Weapons Level 1, Terran Infantry Armor Level 1  
  52  7:08  Marine, SCV x2  
  52  7:09  Marine  
  52  7:11  Marauder  
  52  7:15  Refinery  
  58  7:16  Refinery  
  58  7:20  SCV  
  59  7:27  Marine x2  
  61  7:35  Ghost Academy  
  61  7:37  Barracks  
  61  7:59  Armory  
  61  8:00  Command Center  
  61  8:06  SCV  
  61  8:07  SCV  
  63  8:13  Medivac x2  
  63  8:18  Concussive Shells, SCV  
  63  8:19  SCV  
  69  8:20  Marine x2  
  71  8:28  Barracks Reactor  
  71  8:31  SCV x2  
  71  8:33  Barracks  
  73  8:37  Marine x2  
  75  8:43  SCV x2  
  75  8:44  Ghost Academy  
  75  8:47  Barracks  
  77  8:49  Barracks  
  77  8:55  SCV  
  78  8:56  SCV  
Show
View Real Time Build Order
Export as new Build Order

A.I. 1 (Elite) Protoss - Winner!

Build Orders: Zealot Archon 

Get SALT Encoding   

  12  0:00  Probe  
  13  0:13  Probe  
  14  0:21  Pylon  
  14  0:25  Probe  
  15  0:35  Probe  
  16  0:43  Probe  
  16  0:48  Assimilator  
  17  0:51  Gateway  
  17  0:52  Probe  
  18  1:00  Probe  
  18  1:02  Pylon  
  19  1:08  Probe  
  20  1:19  Probe  
  21  1:31  Probe  
  22  1:38  Zealot  
  22  1:42  Cybernetics Core  
  22  1:43  Probe  
  25  2:01  Nexus  
  25  2:14  Gateway  
  25  2:18  Warp Gate  
  25  2:21  Pylon  
  25  2:23  Zealot  
  25  2:26  Probe  
  28  2:38  Probe  
  28  2:40  Assimilator  
  29  2:49  Adept  
  29  2:50  Probe  
  32  3:01  Adept  
  32  3:03  Probe  
  35  3:06  Pylon  
  35  3:07  Adept  
  35  3:15  Probe  
  35  3:18  Probe  
  39  3:28  Sentry  
  39  3:31  Probe  
  39  3:32  Gateway  
  42  3:34  Probe  
  42  3:39  Adept  
  45  3:44  Probe  
  45  3:46  Probe  
  47  3:53  Adept  
  49  3:56  Probe  
  49  3:58  Probe  
  51  4:06  Adept  
  51  4:08  Probe  
  54  4:10  Probe  
  55  4:19  Pylon  
  55  4:20  Probe  
  55  4:23  Probe  
  57  4:25  Adept  
  57  4:28  Stalker, Pylon  
  61  4:32  Probe  
  61  4:37  Probe  
  63  4:40  Stalker  
  63  4:41  Stalker  
  63  4:44  Probe  
  68  4:48  Twilight Council  
  68  4:49  Probe  
  69  4:55  Pylon  
  69  4:56  Probe  
  69  4:57  Stalker  
  72  5:02  Probe  
  72  5:03  Stalker  
  75  5:08  Probe  
  75  5:14  Probe  
  77  5:16  Pylon  
  77  5:20  Probe  
  78  5:27  Assimilator  
  78  5:31  Templar Archives  
  78  5:32  Assimilator  
  78  5:34  Zealot  
  80  5:37  Pylon  
  80  5:51  Probe x2  
  82  5:57  Forge  
  82  5:58  Stalker  
  82  5:59  Forge  
  82  6:03  Probe x2, Stalker  
  88  6:07  High Templar  
  88  6:08  Nexus, Pylon  
  90  6:20  Stalker  
  90  6:25  Sentry, Protoss Ground Weapons Level 1, Protoss Ground Armor Level 1  
  94  6:30  Robotics Facility  
  94  6:34  Gateway  
  94  6:46  High Templar  
  96  6:59  Pylon  
  96  7:03  Psionic Storm  
  96  7:08  Warp Prism  
  96  7:10  Photon Cannon  
  96  7:17  Zealot  
  96  7:21  Photon Cannon  
  96  7:22  Probe x3  
  103  7:26  High Templar  
  105  7:32  Assimilator  
  105  7:34  Probe  
  105  7:35  Probe x2  
  105  7:36  Pylon  
  108  7:38  Pylon  
  108  7:40  High Templar  
  108  7:42  Gateway  
  108  7:43  Observer  
  110  7:45  Archon, Assimilator, Stalker  
  110  7:46  Probe  
  110  7:48  Probe x2  
  116  7:58  Probe, Archon, High Templar, Photon Cannon  
  117  8:00  Probe, Photon Cannon  
  117  8:01  Probe  
  121  8:06  Photon Cannon  
  121  8:09  Pylon  
  121  8:10  Probe, High Templar  
  121  8:11  Probe  
  125  8:13  Probe  
  125  8:19  Archon  
  126  8:20  Probe  
  126  8:21  High Templar  
  126  8:22  Probe  
  126  8:25  Probe  
  131  8:30  High Templar, Photon Cannon  
  131  8:33  Photon Cannon  
  133  8:37  Archon  
  133  8:40  High Templar  
  137  8:50  Gateway, High Templar  
  137  8:54  Pylon  
  139  8:58  Archon  
  139  8:59  High Templar, Zealot x2  
  145  9:08  Photon Cannon  
  145  9:10  High Templar  
  145  9:12  Photon Cannon  
  145  9:15  Pylon  
Show
View Real Time Build Order
Export as new Build Order

A.I. 2 (Elite) Terran - Winner!

Build Orders:  

Get SALT Encoding   

  12  0:01  SCV  
  13  0:13  SCV  
  14  0:19  Supply Depot  
  14  0:25  SCV  
  15  0:30  Refinery  
  15  0:41  SCV  
  16  0:49  Barracks  
  16  0:53  SCV  
  17  1:05  SCV  
  17  1:11  Supply Depot  
  18  1:17  SCV  
  19  1:29  SCV  
  20  1:38  Marine  
  20  1:39  Factory  
  21  1:46  Barracks, SCV  
  22  1:56  Marine  
  22  1:58  SCV  
  24  2:03  Supply Depot  
  24  2:11  SCV  
  24  2:13  Marine  
  26  2:23  SCV  
  26  2:24  Factory Tech Lab  
  27  2:31  Marine  
  27  2:35  SCV  
  27  2:36  Marine  
  30  2:44  Siege Tank  
  30  2:47  SCV  
  34  3:07  SCV  
  34  3:08  Command Center  
  35  3:20  Refinery, Orbital Command  
  35  3:29  Marine  
  35  3:32  Marine  
  37  3:45  SCV  
  37  3:47  Marine  
  39  3:49  Supply Depot  
  39  4:00  Barracks  
  39  4:05  Barracks Tech Lab  
  39  4:11  Marine, SCV  
  41  4:18  Starport  
  41  4:19  SCV  
  41  4:23  SCV  
  43  4:29  Barracks Tech Lab  
  43  4:31  SCV  
  43  4:32  Marine  
  43  4:35  SCV  
  46  4:39  Stimpack  
  46  4:44  SCV  
  47  4:47  Marine x2, Combat Shield, SCV  
  47  4:50  Marine  
  51  4:56  SCV, Medivac  
  51  4:59  SCV  
  55  5:02  Refinery  
  55  5:04  Marine  
  56  5:08  Marauder, Supply Depot, Orbital Command  
  56  5:12  SCV  
  56  5:13  Marauder  
  61  5:30  Marauder, SCV  
  61  5:31  Engineering Bay  
  61  5:35  Supply Depot  
  64  5:37  Marauder  
  64  5:39  SCV  
  64  5:42  SCV  
  68  5:51  SCV  
  68  5:54  SCV  
  68  5:55  Barracks Reactor, Engineering Bay  
  72  5:57  Marauder  
  72  5:58  Terran Infantry Weapons Level 1  
  72  6:00  Supply Depot  
  72  6:02  Marauder  
  72  6:03  SCV  
  75  6:06  SCV  
  75  6:15  SCV  
  73  6:18  Marauder, SCV  
  73  6:21  Terran Infantry Armor Level 1  
  73  6:23  Marine  
  74  6:28  SCV  
  75  6:34  SCV  
  75  6:35  Supply Depot  
  78  6:40  Marauder, SCV  
  78  6:46  SCV  
  80  6:52  SCV  
  81  6:54  Concussive Shells, Marine  
  81  6:55  Marine, Medivac  
  81  6:57  Marine  
  81  6:58  Missile Turret, SCV  
  89  7:01  Marauder  
  89  7:03  Supply Depot  
  89  7:04  SCV  
  90  7:11  Missile Turret  
  90  7:13  Marauder  
  92  7:20  Command Center  
  92  7:23  Marauder  
  92  7:28  Supply Depot  
  94  7:34  Marauder  
  94  7:36  Barracks, Starport Reactor  
  96  7:38  Marine  
  96  7:39  Marine  
  98  7:44  Marine  
  99  7:54  Supply Depot  
  99  7:56  Marine, Marauder  
  99  7:57  Missile Turret  
  102  8:03  Marauder  
  104  8:12  Medivac  
  106  8:13  Viking  
  106  8:17  Factory  
  106  8:19  Supply Depot  
  108  8:30  Refinery  
  108  8:33  SCV x2, Orbital Command  
  110  8:39  Armory  
  110  8:42  Medivac  
  110  8:45  SCV  
  110  8:47  SCV  
  114  8:49  Missile Turret  
  114  8:56  Missile Turret  
  114  8:57  SCV  
  114  8:58  SCV  
  114  9:00  SCV  
Tags
 
Add a new tag
Caveats
  • Supply blocks, unpowered buildings, or Contaminate may cause inaccurate times.
  • Supply counts are checked every 10 seconds.